 Dungeon Crawl Stone Soup version 0.27-a0-46-g34d46f0a3f (webtiles) character file.

Game seed: 8789329752451244655

7071 Borgoz the Protected (level 11, -22/94 HPs)
             Began as a Ghoul Gladiator on Jan 7, 2021.
             Was a Follower of Ashenzari.
             Annihilated by a phantasmal warrior (32 damage)
             ... led by a death knight
             ... on level 11 of the Dungeon.
             The game lasted 00:17:40 (12224 turns).

Borgoz the Protected (Ghoul Gladiator)             Turns: 12224, Time: 00:17:41

Health: -22/94     AC: 12    Str: 27    XL:     11   Next: 9%
Magic:  0/10       EV: 14    Int:  6    God:    Ashenzari [*.....]
Gold:   410        SH:  0    Dex: 11    Spells: 10/10 levels left

rFire    . . .     SeeInvis .     - Unarmed
rCold    + . .     Faith    .   (no shield)
rNeg     + + +     Spirit   +   f - +0 ring mail
rPois    ∞         Reflect  .   H - +1 helmet
rElec    .         Harm     .   i - +2 cloak
rCorr    .         Rampage  .   (no gloves)
Will     .....                  (no boots)
Stlth    ++........             A - amulet of guardian spirit
HPRegen  0.00/turn              m - ring "Riuwyss" {Int+3 Slay+4}
MPRegen  0.12/turn              B - +6 ring of strength

@: about to teleport, weak-willed
A: claws 1, cold resistance 1, negative energy resistance 3, inhibited
regeneration, torment resistance, unbreathing
a: Renounce Religion, Curse Item, Scrying


You were on level 11 of the Dungeon.
You worshipped Ashenzari.
Ashenzari was aware of your devotion.
You visited 2 branches of the dungeon, and saw 12 of its levels.
You visited 1 bazaar.

You collected 644 gold pieces.
You spent 234 gold pieces at shops.

Inventory:

Missiles
 c - 3 throwing nets (quivered)
Armour
 f - a +0 ring mail (worn)
 i - a +2 cloak (worn)
 H - a +1 helmet (worn)
Jewellery
 g - an uncursed ring of ice
 m - the ring "Riuwyss" (left claw) {Int+3 Slay+4}
   (You found it on level 10 of the Dungeon)

   [ring of slaying]

   It affects your intelligence (+3).
   It affects your accuracy and damage with ranged weapons and melee attacks
   (+4).
 s - a +4 ring of evasion
 A - an amulet of guardian spirit (around neck)
 B - a +6 ring of strength (right claw)
 C - an uncursed ring of resist corrosion
 F - an uncursed ring of see invisible
Wands
 p - a wand of acid (4)
 v - a wand of digging (5)
 x - a wand of enslavement (14)
 y - a wand of flame (68)
 z - a wand of paralysis (13)
 D - a wand of disintegration (6)
Scrolls
 a - 7 scrolls of teleportation
 h - 3 scrolls of amnesia
 j - a scroll of blinking
 k - 3 scrolls of remove curse
 n - a scroll of silence {unknown}
 u - 2 scrolls of enchant armour
 w - 2 scrolls of enchant weapon
 E - a scroll of summoning
 G - a scroll of fog
Potions
 b - 2 potions of resistance
 d - 2 potions of haste
 e - a potion of magic
 l - a potion of invisibility
 o - 2 potions of flight
 q - 2 potions of curing
 r - 2 potions of brilliance


   Skills:
 + Level 8.2 Fighting
 - Level 1.7 Throwing
 * Level 9.4 Armour
 + Level 7.1 Dodging
 - Level 5.0 Stealth
 + Level 8.6 Unarmed Combat


You had 10 spell levels left.
You didn't know any spells.
Your spell library contained the following spells:

 Spells                   Type           Power        Failure   Level
 Magic Dart               Conj           0%           56%         1
 Sandblast                Erth           0%           56%         1
 Passwall                 Tmut/Erth      0%           71%         2
 Searing Ray              Conj           0%           71%         2
 Dazzling Flash           Conj/Hex       0%           90%         3
 Stone Arrow              Conj/Erth      0%           90%         3
 Fulminant Prism          Conj/Hex       0%           100%        4
 Iskenderun's Mystic Bla  Conj/Tloc      0%           100%        4
 Petrify                  Tmut/Erth      0%           100%        4
 Lee's Rapid Deconstruct  Erth           0%           100%        5


Dungeon Overview and Level Annotations

Branches:
Dungeon (11/15)            Temple (1/1) D:6            Lair (0/6) D:8
    Orc: D:9-12

Altars:
Ashenzari
Cheibriados
Dithmenos
Elyvilon
Fedhas
Gozag
Hepliaklqana
Kikubaaqudgha
Makhleb
Nemelex Xobeh
Okawaru
Qazlal
Ru
Sif Muna
Trog
Uskayaw
Vehumet
Wu Jian
Xom
Yredelemnul
Zin
The Shining One
Beogh

Shops:
D:8 ?

Annotations:
D:3 Terence
D:9 1 runed translucent door


Innate Abilities, Weirdness & Mutations

You thrive by killing the living.
You are immune to poison.
You have sharp fingernails.
Your flesh is cold resistant. (rC+)
You are immune to negative energy. (rN+++)
You do not regenerate when monsters are visible.
You are immune to unholy pain and torment.
You can survive without breathing.


Message History

You scratch the phantasmal warrior but do no damage.
The phantasmal warrior is severely damaged.
The phantasmal warrior hits you!!
* * * LOW HITPOINT WARNING * * *
You feel much better.
The phantasmal warrior blinks!
The phantasmal warrior closely misses you.
You scratch the phantasmal warrior.
The phantasmal warrior is severely damaged.
The phantasmal warrior blinks!
The phantasmal warrior hits you!
* * * LOW HITPOINT WARNING * * *
You scratch the phantasmal warrior but do no damage.
The phantasmal warrior is severely damaged.
The phantasmal warrior misses you.
As you read the scroll of teleportation, it crumbles to dust.
You feel strangely unstable. The phantasmal warrior hits you!!
* * * LOW HITPOINT WARNING * * *
You closely miss the phantasmal warrior.
The phantasmal warrior is severely damaged.
The phantasmal warrior hits you!!
You die...

##### ##...## ###
##.....## #.#######
#.......# ##........ ###
#.......###..W...# ..#
#.......#..W@....# ..#
##....(##..#.!$..#
..###..........#.....#
...............#.....#
[.###.................#
#...#......##.##......#
..........###.##.##.....
.....####.#...##.. ....#
..#..####...### ..


You could see 2 phantasmal warriors.

Vanquished Creatures
  2 two-headed ogres
  A gargoyle (D:10)
  3 wraiths
  Eustachio (D:6)
  A wyvern (D:10)
  A basilisk (D:10)
  Menkaure (D:7)
  A water moccasin (D:7)
  2 orc warriors
  4 phantoms
  2 sky beasts
  An eye of draining (D:9)
  3 centaurs
  3 necrophages
  2 ogres
  A big kobold (D:7)
  8 bullfrogs
  2 scorpions
  7 killer bees
  2 howler monkeys (D:5)
  A wight (D:7)
  An electric eel (D:10)
  A bullfrog zombie (D:6)
  6 hounds
  A quasit (D:6)
  A centaur zombie (D:9)
  A gnoll shaman (D:4)
  3 human zombies (D:7)
  2 jellies
  4 orc priests
  Crazy Yiuf (D:2)
  A centaur skeleton (D:5)
  A bullfrog skeleton (D:11)
  5 worker ants
  8 iguanas
  2 human skeletons (D:7)
  10 orc wizards
  3 hound zombies
  A mummy (D:7)
  A hound skeleton (D:4)
  2 worker ant zombies
  14 gnolls
  A howler monkey skeleton (D:6)
  19 adders
  A shadow imp (D:5)
  A white imp (D:6)
  2 oozes (D:1)
  2 adder skeletons
  A worm (D:3)
  3 dart slugs
  4 leopard geckos
  43 orcs
  11 bats
  A giant cockroach (D:8)
  10 hobgoblins
  3 jackals (D:1)
  3 quokkas
  5 frilled lizards
  13 goblins
  A jackal skeleton (D:5)
  A jackal zombie (D:6)
  11 kobolds
  An orc zombie (D:7)
  2 rats
257 creatures vanquished.

Vanquished Creatures (others)
  An orc (D:10)
  5 plants (D:10)
6 creatures vanquished.

Grand Total: 263 creatures vanquished

Notes
Turn   | Place    | Note
-------+----------+-------------------------------------------
     0 | D:1      | Borgoz the Ghoul Gladiator began the quest for the Orb.
     0 | D:1      | Reached XP level 1. HP: 17/17 MP: 0/0
   126 | D:1      | Reached XP level 2. HP: 24/24 MP: 1/1
   390 | D:1      | Reached skill level 1 in Armour
   445 | D:1      | Reached XP level 3. HP: 26/30 MP: 2/2
   741 | D:1      | Reached skill level 1 in Stealth
  1207 | D:2      | Reached XP level 4. HP: 10/37 MP: 3/3
  1727 | D:2      | Reached skill level 2 in Armour
  1787 | D:2      | Found a sparkling altar of Nemelex Xobeh.
  1800 | D:2      | Reached XP level 5. HP: 39/44 MP: 4/4
  1834 | D:2      | Found a burning altar of Makhleb.
  2098 | D:2      | Found a runed translucent door.
  2099 | D:2      | Noticed Crazy Yiuf
  2109 | D:2      | Killed Crazy Yiuf
  2574 | D:3      | Noticed Terence
  2815 | D:3      | Reached XP level 6. HP: 50/51 MP: 5/5
  3053 | D:3      | Reached skill level 3 in Armour
  3905 | D:5      | Entered Level 5 of the Dungeon
  3932 | D:5      | Reached XP level 7. HP: 48/58 MP: 6/6
  4570 | D:5      | Reached skill level 4 in Armour
  4860 | D:5      | Reached skill level 5 in Unarmed Combat
  5006 | D:5      | Found a radiant altar of Vehumet.
  5027 | D:5      | Reached XP level 8. HP: 67/67 MP: 7/7
  5049 | D:5      | Found a white marble altar of Elyvilon.
  5171 | D:5      | Found a glowing golden altar of the Shining One.
  5805 | D:6      | Noticed Eustachio
  5809 | D:6      | Reached skill level 5 in Armour
  5852 | D:6      | Killed Eustachio
  5853 | D:6      | Reached skill level 5 in Fighting
  6217 | D:6      | Found a radiant altar of Vehumet.
  6245 | D:6      | Found a staircase to the Ecumenical Temple.
  6252 | D:6      | Reached skill level 5 in Stealth
  6282 | D:6      | Paralysed by an orc for 6 turns
  6292 | D:6      | Reached XP level 9. HP: 50/74 MP: 8/8
  6398 | D:6      | Reached skill level 6 in Armour
  6458 | D:6      | Reached skill level 5 in Dodging
  6594 | Temple   | Entered the Ecumenical Temple
  6791 | Temple   | Became a worshipper of Ashenzari the Shackled
  7134 | D:7      | Noticed a two-headed ogre
  7142 | D:7      | Killed a two-headed ogre
  7426 | D:7      | Noticed Menkaure
  7433 | D:7      | Killed Menkaure
  7434 | D:7      | Reached skill level 7 in Armour
  7844 | D:7      | Reached XP level 10. HP: 83/84 MP: 9/9
  7913 | D:7      | Found a basalt altar of Yredelemnul.
  7961 | D:7      | Reached skill level 8 in Armour
  8006 | D:7      | Got the hand axe of the Unkillable {holy, +Rage}
  8576 | D:8      | Found a roughly hewn altar of Beogh.
  8716 | D:8      | Found Suus's Magic Scroll Shop.
  8730 | D:8      | Found a staircase to the Lair.
  9133 | D:9      | Found a hide-covered altar of Uskayaw.
  9541 | D:9      | Found a shadowy altar of Dithmenos.
  9544 | D:9      | Found a stormy altar of Qazlal.
  9549 | D:9      | Found an ornate altar of the Wu Jian Council.
  9785 | D:9      | Found an ancient bone altar of Kikubaaqudgha.
  9855 | D:9      | Found a runed translucent door.
  9856 | D:9      | Noticed a yaktaur captain
 10133 | D:10     | Entered Level 10 of the Dungeon
 10197 | D:10     | Reached * piety under Ashenzari
 10445 | D:10     | Got the flail "Oqihant" {flame, *Noise rN+ Int+2 Dex+4}
 10446 | D:10     | Identified the +2 flail "Oqihant" {flame, *Noise rN+ Int+2
                  | Dex+4} (You found it on level 10 of the Dungeon)
 10472 | D:10     | Noticed a gargoyle
 10485 | D:10     | Killed a gargoyle
 10631 | D:10     | Identified the ring "Riuwyss" {Int+3 Slay+4}
 11057 | D:10     | Reached skill level 9 in Armour
 11334 | D:11     | Found a shadowy altar of Dithmenos.
 11422 | D:11     | Found a flickering gateway to a bazaar.
 11432 | Bazaar   | Entered a bazaar
 11597 | Bazaar   | Found Coh Xisch's Antique Weapon Shoppe.
 11619 | Bazaar   | Found Ihojodich's General Store.
 11655 | Bazaar   | Found Mazxufak's General Store.
 11666 | Bazaar   | Found Miatwojy's Distillery.
 11693 | Bazaar   | Bought a runed executioner's axe for 234 gold pieces
 11897 | D:11     | Noticed a two-headed ogre
 11908 | D:11     | Killed a two-headed ogre
 11909 | D:11     | Reached XP level 11. HP: 37/94 MP: 4/10
 12211 | D:11     | Noticed a phantasmal warrior
 12213 | D:11     | Noticed a phantasmal warrior
 12224 | D:11     | Annihilated by a phantasmal warrior

Illustrated notes

Levels and vault maps discovered:
D:1:      dpeg_arrival_tiny_b, layout_loops_corners
D:2:      minmay_general_purpose_star, layout_rooms, lemuel_round_altar,
          lemuel_crystal_altar, uniq_crazy_yiuf_cottage
D:3:      layout_basic, uniq_terence
D:4:      layout_cave_pools
D:5:      layout_gridville, nicolae_overflow_crystal_walls,
          nicolae_overflow_hidden_temple, fiery_altar_vehumet
D:6:      layout_cave_pools, minmay_temple_entry_sparse_star,
          vehumet_altar_wand_db, uniq_eustachio
D:7:      layout_rooms, lemuel_mausoleum_altar_yredelemnul, grunt_ministairs_6,
          uniq_menkaure
D:8:      layout_loops_ring, lair_entry_dummy, serial_shops,
          nicolae_shop_behind_doors, special_room [special_room_orc],
          minmay_misc_feat_alley
D:9:      layout_basic, eat_drink_and_be_merry_uskayaw, kennysheep_little_box,
          minitemple, kennysheep_cross_bottleneck, minivault_13
D:10:     layout_basic, minmay_lizard_king
D:11:     layout_rooms, orc_0_dummy, basic_altar, serial_shops, freezing_bzr
Temple:   minmay_temple_curvy_loop

Skill      XL: |  1  2  3  4  5  6  7  8  9 10 |
---------------+-------------------------------+-----
Armour         | 1 2 3 4 5 7 9 |  9.4
Stealth        | 1 2 3 5 |  5.0
Dodging        | 3 4 5 7 |  7.1
Unarmed Combat | 4 5 6 7 8 |  8.6
Fighting       | 3 4 5 6 8 |  8.2
Throwing       | |  1.7

Action                   |  1- 3 |  4- 6 |  7- 9 | 10-12 || total
-------------------------+-------+-------+-------+-------++-------
Melee: Unarmed           |   110 |   208 |   498 |   347 ||  1163
       Punch             |     4 |     2 |    12 |    19 ||    37
  Use: Scroll            |     5 |     5 |     8 |     5 ||    23
       Potion            |     3 |     1 |     1 |     1 ||     6
 Stab: Sleeping          |     2 |     1 |     3 |    12 ||    18
       Distracted        |       |       |       |     1 ||     1
Armor: Leather armour    |    42 |     8 |       |       ||    50
       Ring mail         |       |    66 |   220 |    87 ||   373
Dodge: Dodged            |    85 |   133 |   574 |   198 ||   990

Table legend: (Time is in decaauts)
 A = Elapsed time spent in this place.
 B = Non-inter-level travel time spent in this place.
 C = Inter-level travel time spent in this place.
 D = Time resting spent in this place.
 E = Time spent auto-exploring this place.
 F = Levels seen in this place.
 G = Mean time per level.
                   A        B        C        D        E       F      G
               +--------+--------+--------+--------+--------+-----+--------+
         Total |  12108 |  11723 |    385 |   2471 |   7105 |  13 |  931.4 |
       Dungeon |  11558 |  11213 |    345 |   2471 |   6680 |  11 | 1050.7 |
        Temple |    226 |    187 |     39 |      0 |    186 |   1 |  226.0 |
        Bazaar |    322 |    322 |      0 |      0 |    239 |   1 |  322.0 |
               +--------+--------+--------+--------+--------+-----+--------+

Top non-repeatable levels by time:
     D:5: 1434 daAuts
     D:2: 1394 daAuts
    D:10: 1227 daAuts
     D:4: 1212 daAuts
     D:1: 1165 daAuts
     D:7: 1118 daAuts
     D:9: 999 daAuts
     D:6: 979 daAuts
     D:8: 978 daAuts
    D:11: 526 daAuts
     D:3: 521 daAuts
  Bazaar: 322 daAuts
  Temple: 226 daAuts
